ORI
OREGON STATE UNIVERSITY BEAVERS @ UNIVERSITY OF VIRGINIA CAVALIERS
11/13/2047
 
TOP OF THE 1ST
California State University at Fullerton Titans batting - Pitching for University of Virginia Cavaliers : LHP Robin Thurgood
Pitching: LHP Robin Thurgood
Batting: LHB Jim Snell 0-0: Ball
1-0: Ball
2-0: Ball
3-0: Base on Balls
Batting: SHB Eric Delikat 0-0: Called Strike
0-1: Ball
1-1: Ball
Jim Snell steals 2nd base
2-1: Foul Ball, location: 2F
2-2: Strikes out looking
Batting: LHB Alberto Aguilar 0-0: Ball
Jim Snell is caught stealing 3rd base 2-5
1-0: Ball
2-0: Ball
3-0: Called Strike
3-1: Foul Ball, location: 2F
3-2: Strikes out swinging
Top of the 1st over - 0 runs, 0 hits, 0 errors, 0 left on base; California State University at Fullerton 0 - University of Virginia 0
BOTTOM OF THE 1ST
University of Virginia Cavaliers batting - Pitching for California State University at Fullerton Titans : RHP David Akers
Pitching: RHP David Akers
Batting: RHB Scott Anderson 0-0: Called Strike
0-1: Ball
1-1: Foul Ball, location: 2F
1-2: Ball
2-2: Foul Ball, location: 2F
2-2: Fly out, F9 (Flyball, 9, EV 90.6 MPH)
Batting: RHB Luke Bertrand 0-0: Ball
1-0: Ball
2-0: Ball
3-0: Called Strike
3-1: Ground out U3 (Groundball, 3S, EV 91.9 MPH)
Batting: LHB Edelberto Barbas 0-0: Ball
1-0: Foul Ball, location: 2F
1-1: Swinging Strike
1-2: Ball
2-2: Strikes out swinging
Bottom of the 1st over - 0 runs, 0 hits, 0 errors, 0 left on base; California State University at Fullerton 0 - University of Virginia 0
TOP OF THE 2ND
California State University at Fullerton Titans batting - Pitching for University of Virginia Cavaliers : LHP Robin Thurgood
Batting: RHB Jamie Blankenship 0-0: Ball
1-0: Ground out 4-3 (Groundball, 4M, EV 83.1 MPH)
Batting: SHB Jonathan Jacob 0-0: Swinging Strike
0-1: Ball
1-1: Ball
2-1: Ball
3-1: Foul Ball, location: 2F
3-2: Reached on error, E5 (Groundball, 56, EV 110.0 MPH)
Batting: LHB Mike Fernandez 0-0: Called Strike
0-1: Fly out, F9 (Line Drive, 9, EV 93.8 MPH)
Batting: RHB Tai fat Louis 0-0: SINGLE (Groundball, 4D, EV 95.6 MPH)
Jonathan Jacob to third
Batting: SHB Jason Pugh 0-0: Called Strike
0-1: Fly out, F9 (Flyball, 9, EV 89.4 MPH)
Top of the 2nd over - 0 runs, 1 hit, 1 error, 2 left on base; California State University at Fullerton 0 - University of Virginia 0
BOTTOM OF THE 2ND
University of Virginia Cavaliers batting - Pitching for California State University at Fullerton Titans : RHP David Akers
Batting: RHB Pedro Lopez 0-0: Ball
1-0: Ball
2-0: Called Strike
2-1: Swinging Strike
2-2: Ball
3-2: Ground out 5-3 (Groundball, 5L, EV 103.8 MPH)
Batting: RHB Jose Velez 0-0: Called Strike
0-1: Ball
1-1: Foul Ball, location: 2F
1-2: Ball
2-2: Strikes out swinging
Batting: LHB Alex Aguilar 0-0: Foul Ball, location: 2F
0-1: Ball
1-1: Ball
2-1: Foul Ball, location: 2F
2-2: Ball
3-2: Foul Ball, location: 2F
3-2: Foul Ball, location: 2F
3-2: Strikes out swinging
Bottom of the 2nd over - 0 runs, 0 hits, 0 errors, 0 left on base; California State University at Fullerton 0 - University of Virginia 0
TOP OF THE 3RD
California State University at Fullerton Titans batting - Pitching for University of Virginia Cavaliers : LHP Robin Thurgood
Batting: RHB Sergio Cervantes 0-0: Called Strike
0-1: Ball
1-1: Fly out, F9 (Flyball, 9, EV 86.9 MPH)
Batting: LHB Jim Snell 0-0: Swinging Strike
0-1: Swinging Strike
0-2: Strikes out swinging
Batting: SHB Eric Delikat 0-0: Fly out, F4 (Popup, 4, EV 62.5 MPH)
Top of the 3rd over - 0 runs, 0 hits, 0 errors, 0 left on base; California State University at Fullerton 0 - University of Virginia 0
BOTTOM OF THE 3RD
University of Virginia Cavaliers batting - Pitching for California State University at Fullerton Titans : RHP David Akers
Batting: SHB Mink Hendriks 0-0: Called Strike
0-1: Ball
1-1: Foul Ball, location: 2F
1-2: Foul Ball, location: 2F
1-2: Strikes out looking
Batting: RHB Mike Llamas 0-0: Ball
1-0: Ball
2-0: Swinging Strike
2-1: Swinging Strike
2-2: Strikes out looking
Batting: RHB Nick Cech 0-0: Swinging Strike
0-1: Called Strike
0-2: Foul Ball, location: 2F
0-2: Strikes out looking
Bottom of the 3rd over - 0 runs, 0 hits, 0 errors, 0 left on base; California State University at Fullerton 0 - University of Virginia 0
TOP OF THE 4TH
California State University at Fullerton Titans batting - Pitching for University of Virginia Cavaliers : LHP Robin Thurgood
Batting: LHB Alberto Aguilar 0-0: Ball
1-0: Ground out 4-3 (Groundball, 4, EV 81.2 MPH)
Batting: RHB Jamie Blankenship 0-0: Foul Ball, location: 2F
0-1: Ball
1-1: Swinging Strike
1-2: Fly out, F9 (Line Drive, 9D, EV 94.4 MPH)
Batting: SHB Jonathan Jacob 0-0: Foul Ball, location: 2F
0-1: Foul Ball, location: 2F
0-2: Ball
1-2: Ball
2-2: Ground out 4-3 (Groundball, 4, EV 109.4 MPH)
Top of the 4th over - 0 runs, 0 hits, 0 errors, 0 left on base; California State University at Fullerton 0 - University of Virginia 0
BOTTOM OF THE 4TH
University of Virginia Cavaliers batting - Pitching for California State University at Fullerton Titans : RHP David Akers
Batting: RHB Scott Anderson 0-0: Called Strike
0-1: Swinging Strike
0-2: Ball
1-2: Strikes out swinging
Batting: RHB Luke Bertrand 0-0: Fly out, F9 (Line Drive, 89M, EV 87.5 MPH)
Batting: LHB Edelberto Barbas 0-0: SINGLE (Groundball, 4MD, EV 105.6 MPH)
Batting: RHB Pedro Lopez 0-0: Called Strike
0-1: Fielders Choice at 2nd, 5-4 (Groundball, 56, EV 86.9 MPH)
Bottom of the 4th over - 0 runs, 1 hit, 0 errors, 1 left on base; California State University at Fullerton 0 - University of Virginia 0
TOP OF THE 5TH
California State University at Fullerton Titans batting - Pitching for University of Virginia Cavaliers : LHP Robin Thurgood
Batting: LHB Mike Fernandez 0-0: Called Strike
0-1: Ball
1-1: Ball
2-1: Ground out 4-3 (Groundball, 4D, EV 86.9 MPH)
Batting: RHB Tai fat Louis 0-0: Called Strike
0-1: Ball
1-1: Ball
2-1: Foul Ball, location: 2F
2-2: Ball
3-2: Base on Balls
Batting: SHB Jason Pugh 0-0: Called Strike
0-1: Foul Ball, location: 2F
0-2: Ball
1-2: Ball
2-2: Grounds into double play, 6-4-3 (Groundball, 6M, EV 83.8 MPH)
Top of the 5th over - 0 runs, 0 hits, 0 errors, 0 left on base; California State University at Fullerton 0 - University of Virginia 0
BOTTOM OF THE 5TH
University of Virginia Cavaliers batting - Pitching for California State University at Fullerton Titans : RHP David Akers
Batting: RHB Jose Velez 0-0: DOUBLE (Flyball, 78D, EV 103.1 MPH)
Batting: LHB Alex Aguilar 0-0: Swinging Strike
0-1: Foul Ball, location: 2F
0-2: Ground out 4-3 (Groundball, 4, EV 102.5 MPH)
Jose Velez to third
Batting: SHB Mink Hendriks 0-0: Called Strike
0-1: Foul Ball, location: 2F
0-2: Ball
1-2: Strikes out swinging
Batting: RHB Mike Llamas 0-0: Ball
1-0: Called Strike
1-1: Ground out 6-3 (Groundball, 6S, EV 86.2 MPH)
Bottom of the 5th over - 0 runs, 1 hit, 0 errors, 1 left on base; California State University at Fullerton 0 - University of Virginia 0
TOP OF THE 6TH
California State University at Fullerton Titans batting - Pitching for University of Virginia Cavaliers : LHP Robin Thurgood
Batting: RHB Sergio Cervantes 0-0: Ball
1-0: Called Strike
1-1: Ball
2-1: Foul Ball, location: 2F
2-2: Foul Ball, location: 2F
2-2: Foul Ball, location: 2F
2-2: Foul Ball, location: 2F
2-2: Ball
3-2: Base on Balls
Batting: LHB Jim Snell 0-0: Called Strike
0-1: Fly out, F9 (Flyball, 9, EV 84.4 MPH)
Batting: SHB Eric Delikat 0-0: Foul Ball, location: 2F
0-1: Foul Ball, location: 2F
0-2: Fielders Choice at 2nd, 6-4 (Groundball, 6, EV 86.2 MPH)
Pitching: RHP Vince Connell
Batting: LHB Alberto Aguilar 0-0: Ball
1-0: Called Strike
1-1: SINGLE (Groundball, 4D, EV 105.0 MPH)
Eric Delikat to second
Runner from 2nd tries for 3rd, SAFE, throw by RF made to third
Batting: RHB Jamie Blankenship 0-0: Fly out, F3 (Popup, 3SF, EV 81.9 MPH)
Top of the 6th over - 0 runs, 1 hit, 0 errors, 2 left on base; California State University at Fullerton 0 - University of Virginia 0
BOTTOM OF THE 6TH
University of Virginia Cavaliers batting - Pitching for California State University at Fullerton Titans : RHP David Akers
Batting: RHB Nick Cech 0-0: Called Strike
0-1: Ball
1-1: Called Strike
1-2: Ball
2-2: SINGLE (Groundball, P, EV 78.8 MPH) (infield hit)
Batting: RHB Scott Anderson 0-0: Called Strike
0-1: Ball
1-1: Fly out, F8 (Flyball, 8LD, EV 96.9 MPH)
Pitching: RHP Jorge Garza
Pinch Hitting: RHB Jason Lambert 0-0: Ball
1-0: Foul Ball, location: 2F
1-1: Foul Ball, location: 2F
1-2: Ball
2-2: SINGLE (Groundball, 4, EV 96.9 MPH)
Nick Cech to second
Batting: LHB Edelberto Barbas 0-0: Swinging Strike
0-1: Ball
1-1: Foul Ball, location: 2F
1-2: Hit by Pitch
Nick Cech to third
Jason Lambert to second
Pinch Hitting: RHB Leo Baxter 0-0: Called Strike
0-1: Foul Ball, location: 2F
0-2: Fly out, F7 (Flyball, 78S, EV 90.0 MPH)
Pinch Hitting: RHB Rob Coble 0-0: Ball
1-0: Called Strike
1-1: Ball
2-1: Swinging Strike
2-2: Strikes out swinging
Bottom of the 6th over - 0 runs, 2 hits, 0 errors, 3 left on base; California State University at Fullerton 0 - University of Virginia 0
TOP OF THE 7TH
California State University at Fullerton Titans batting - Pitching for University of Virginia Cavaliers : RHP Vince Connell
Now at 2B: Jason Thresher
Now in LF: Rob Coble
Now in CF: Ethan Lewis
Pinch Hitting: RHB Simon Sultzbach 0-0: Ball
1-0: Swinging Strike
1-1: Swinging Strike
1-2: Ball
2-2: Strikes out swinging
Batting: LHB Mike Fernandez 0-0: Called Strike
0-1: Ball
1-1: Ball
2-1: Ball
3-1: Base on Balls
Batting: RHB Tai fat Louis 0-0: Ball
1-0: Fly out, F7 (Line Drive, 7LS, EV 98.8 MPH)
Pinch Hitting: RHB Justin Thomas 0-0: Ball
Mike Fernandez is caught stealing 2nd base 2-4
Top of the 7th over - 0 runs, 0 hits, 0 errors, 0 left on base; California State University at Fullerton 0 - University of Virginia 0
BOTTOM OF THE 7TH
University of Virginia Cavaliers batting - Pitching for California State University at Fullerton Titans : RHP Jorge Garza
Pitching: RHP Jose Espinosa
Now at 1B: Justin Thomas
Now in RF: Jeremy May
Batting: LHB Alex Aguilar 0-0: SINGLE (Groundball, 34D, EV 106.9 MPH)
Batting: SHB Mink Hendriks 0-0: Ball
1-0: Foul Ball, location: 2F
1-1: Called Strike
1-2: Ball
2-2: Foul Ball, location: 2F
2-2: Strikes out swinging
Pinch Hitting: LHB Ray Nichter 0-0: Called Strike
0-1: Fly out, F7 (Line Drive, 7S, EV 102.5 MPH)
Pinch Hitting: RHB Allen McCaskill 0-0: Ball
1-0: Foul Ball, location: 2F
1-1: Ball
2-1: Foul Ball, location: 2F
2-2: Foul Ball, location: 2F
2-2: Reached on error, E6 (Groundball, 6, EV 88.8 MPH)
Alex Aguilar to second
Batting: RHB Scott Anderson 0-0: DOUBLE (Flyball, 89D, EV 96.9 MPH)
Alex Aguilar scores
Allen McCaskill to third
Batting: RHB Jason Thresher 0-0: Called Strike
0-1: Foul Ball, location: 2F
0-2: Strikes out swinging
Bottom of the 7th over - 1 run, 2 hits, 1 error, 2 left on base; California State University at Fullerton 0 - University of Virginia 1
TOP OF THE 8TH
California State University at Fullerton Titans batting - Pitching for University of Virginia Cavaliers : RHP Vince Connell
Now at 3B: Maurice McDonald
Now at SS: Matt Morales
Batting: RHB Justin Thomas 0-0: Called Strike
0-1: Reached on error, E1 (Groundball, 13S, EV 65.6 MPH)
Pitching: RHP Jonathan Bolton
Batting: RHB Sergio Cervantes 0-0: Sac Bunt to 3S - play at first, batter OUT! 3-1
Justin Thomas to second
Pinch Hitting: RHB Joe McKinzie 0-0: Ball
1-0: Ball
2-0: Ball
3-0: Base on Balls
Pinch Runner at 2nd Alex Rivas:
Pinch Hitting: LHB John Blumberg 0-0: Called Strike
0-1: Foul Ball, location: 2F
0-2: Foul Ball, location: 2F
0-2: Foul Ball, location: 2F
0-2: Ball
1-2: Strikes out looking
Pitching: LHP Juan Quiroz
Pinch Hitting: LHB B.J. Ferguson 0-0: Ball
1-0: Ball
2-0: Called Strike
2-1: Ball
3-1: Ground out 3-1 (Groundball, 34S, EV 88.8 MPH)
Top of the 8th over - 0 runs, 0 hits, 1 error, 2 left on base; California State University at Fullerton 0 - University of Virginia 1
BOTTOM OF THE 8TH
University of Virginia Cavaliers batting - Pitching for California State University at Fullerton Titans : RHP Jose Espinosa
Now at C: Jim Cahan
Now at 1B: John Blumberg
Now at 2B: Alex Rivas
Now in CF: Joe McKinzie
Batting: LHB Edelberto Barbas 0-0: Called Strike
0-1: Ball
1-1: Swinging Strike
1-2: Strikes out swinging
Batting: SHB Ethan Lewis 0-0: Foul Ball, location: 2F
0-1: Called Strike
0-2: Ball
1-2: Strikes out swinging
Batting: RHB Rob Coble 0-0: Ball
1-0: Fly out, F8 (Flyball, 8RM, EV 90.0 MPH)
Bottom of the 8th over - 0 runs, 0 hits, 0 errors, 0 left on base; California State University at Fullerton 0 - University of Virginia 1
TOP OF THE 9TH
California State University at Fullerton Titans batting - Pitching for University of Virginia Cavaliers : LHP Juan Quiroz
Pitching: RHP Jesus Castaneda
Pinch Hitting: LHB Steve Lane 0-0: Ball
1-0: Ball
2-0: Foul Ball, location: 2F
2-1: Foul Ball, location: 2F
2-2: Foul Ball, location: 2F
2-2: Foul Ball, location: 2F
2-2: Ground out 4-3 (Groundball, 34S, EV 82.5 MPH)
Pinch Hitting: LHB Mike Lauritsen 0-0: Ball
1-0: Foul Ball, location: 2F
1-1: Foul Ball, location: 2F
1-2: Ball
2-2: Fly out, F8 (Flyball, 8LXD, EV 88.8 MPH)
Pinch Hitting: RHB Alex Freyre 0-0: Called Strike
0-1: Ball
1-1: Foul Ball, location: 2F
1-2: Ball
2-2: Strikes out swinging
Top of the 9th over - 0 runs, 0 hits, 0 errors, 0 left on base; California State University at Fullerton 0 - University of Virginia 1
Thursday, December 15th , 2022 - OOTP Baseball 23.9 Build 102